 Dungeon Crawl Stone Soup version 0.22-a0-596-gfbd32a6 (webtiles) character file.

1318 royokou the Firebug (level 8, -1/41 HPs)
             Began as a Gargoyle Fire Elementalist on July 6, 2018.
             Was an Initiate of Vehumet.
             Shot with an arrow by a centaur (6 damage)
             ... on level 6 of the Dungeon.
             The game lasted 00:26:45 (7691 turns).

royokou the Firebug (Gargoyle Fire Elementalist)    Turns: 7691, Time: 00:26:46

Health: -1/41      AC:  9    Str: 11    XL:     8   Next: 59%
Magic:  12/24      EV: 11    Int: 23    God:    Vehumet [......]
Gold:   271        SH:  4    Dex: 10    Spells: 1/17 levels left

rFire    + + .     SeeInvis .   a - +3 flail (protect)
rCold    . . .     Gourm    .   (no shield)
rNeg     + . .     Faith    .   v - +0 leather armour
rPois    ∞         Spirit   .   (no helmet)
rElec    +         Reflect  +   f - scarf {rC+ rF+}
rCorr    .         Harm     .   E - +0 pair of gloves
MR       .....                  (no boots)
Stlth    ++........             i - +4 amulet of reflection
HPRegen  0.13/turn              D - ring of the Median {Fire MP+9 Int+4 Slay+2}
MPRegen  0.19/turn              (no ring)

@: no status effects
A: negative energy resistance 1, electricity resistance, unbreathing,
petrification resistance, rot immunity, AC +5
a: Renounce Religion


You were on level 6 of the Dungeon.
You worshipped Vehumet.
Vehumet was noncommittal.
You were not hungry.

You visited 2 branches of the dungeon, and saw 7 of its levels.

You collected 271 gold pieces.

Inventory:

Hand Weapons
 a - a +3 flail of protection (weapon)
 b - a +1 hunting sling of freezing
Armour
 f - a scarf of resistance (worn)
 h - a +0 robe
 p - a +0 buckler
 v - a +0 leather armour (worn)
 y - a +0 plate armour
 z - a +0 scale mail
 E - a +0 pair of gloves (worn)
Magical Staves
 q - an uncursed staff of air
Jewellery
 i - a +4 amulet of reflection (around neck)
 D - the ring of the Median (left hand) {Fire MP+9 Int+4 Slay+2}
   (You found it on level 5 of the Dungeon)

   [ring of fire]

   It enhances your fire magic.
   It affects your intelligence (+4).
   It affects your accuracy and damage with ranged weapons and melee attacks
   (+2).
   It protects you from fire.
   It makes you vulnerable to cold.
   It affects your magic capacity (+9).
Wands
 j - a wand of acid (12)
 n - a wand of scattershot (10)
 s - a wand of flame (21)
 w - a wand of digging (12)
Scrolls
 e - a scroll of magic mapping {unknown}
 k - a scroll of fog {unknown}
 m - a scroll of enchant weapon {unknown}
 r - 5 scrolls of remove curse
 u - a scroll of teleportation
 F - a scroll of amnesia
 H - a scroll of identify
Potions
 d - a potion of berserk rage
 g - a potion of curing
 l - a potion of invisibility
 o - a potion of degeneration
 t - a potion of resistance
 x - a potion of might
 A - a potion of haste
 B - a potion of brilliance
 C - a potion of lignification {unknown}
Comestibles
 c - 11 rations


   Skills:
 - Level 1.5 Dodging
 - Level 2.1 Stealth
 - Level 5.2 Spellcasting
 + Level 6.6 Conjurations
 + Level 6.8 Fire Magic


You had one spell level left.
You knew the following spells:

 Your Spells              Type           Power        Failure   Level  Hunger
a - Flame Tongue          Conj/Fire      #####        1%          1    None
b - Conjure Flame         Conj/Fire      ######..     2%          3    ##.....
c - Sticky Flame          Conj/Fire      ######..     8%          4    ####...
d - Fireball              Conj/Fire      ######....   22%         5    #####..
e - Inner Flame           Hex/Fire       ####....     9%          3    ##.....

Your spell library contained the following spells:

 Spells                   Type           Power        Failure   Level  Hunger
 Throw Flame              Conj/Fire      ######       1%          2    None


Dungeon Overview and Level Annotations

Branches:
Dungeon (6/15)             Temple (1/1) D:4

Altars:
Cheibriados
Elyvilon
Hepliaklqana
Okawaru
Ru
Sif Muna
Trog
Uskayaw
Vehumet
Wu Jian
Xom
The Shining One

Annotations:
D:1 Crazy Yiuf
D:4 3 runed doors, exclusion: statue, demenzo's ghost, amateur OpTm


Innate Abilities, Weirdness & Mutations

You are resistant to torment.
Your stone body is resilient. (AC +5)
You are immune to poison.
You resist negative energy. (rN+)
You are resistant to electric shocks. (rElec)
You can survive without breathing.
You are immune to petrification.
You are immune to rotting.


Message History

Press: ? - help, Shift-Dir - straight line, f/p - centaur
Aim: a centaur, wielding a shortbow and wearing a dented jasper amulet (moderately wounded)
You feel a surge of power!
The flame tongue misses the centaur.
The centaur shoots an arrow.
The arrow hits you.
The centaur shoots an arrow.
The arrow hits you.
* * * LOW HITPOINT WARNING * * *
Casting: Flame Tongue (safe; 1% risk of failure)
Confirm with . or Enter, or press ? or * to list all spells.
Aiming: Flame Tongue (safe; 1% risk of failure)
Press: ? - help, Shift-Dir - straight line, f/p - centaur
Aim: a centaur, wielding a shortbow and wearing a dented jasper amulet (moderately wounded)
Okay, then.
Unknown command.
The centaur shoots an arrow.
The arrow closely misses you.
You see here an arrow.
The centaur shoots an arrow.
The arrow hits you.
* * * LOW HITPOINT WARNING * * *
You see here an arrow.
The centaur shoots an arrow.
The arrow hits you.
You die...

#. ###.c.......
#..#...(# #..#.##J#
#.......# #..#J####
### #..#.# #.. ..#.#
#.# #.#c####### #.#
#.#..(((@.#
#.#####.#######(##
###.##.......###...#
.......####........#
###...## ###.[#...#
###..##### ##..#.##
.....#...# ##...#
####....# ##..#
#..### ..#


You could see a centaur.

Vanquished Creatures
  Grinder (D:3)
  Edmund (D:4)
  2 centaurs (D:6)
  An ogre (D:5)
  A bullfrog (D:3)
  2 scorpions (D:4)
  A howler monkey (D:4)
  A hound (D:6)
  2 jellies
  2 iguanas
  A centaur skeleton (D:2)
  Ijyb (D:3)
  An orc wizard (D:3)
  4 worker ants
  Terence (D:2)
  7 adders
  2 river rats (D:3)
  A shadow imp (D:5)
  2 oozes
  An adder zombie (D:6)
  An adder skeleton (D:5)
  3 worms
  2 dart slugs (D:3)
  2 leopard geckos
  17 orcs
  9 bats
  6 giant cockroaches
  10 goblins
  6 hobgoblins
  2 jackals (D:5)
  2 quokkas (D:2)
  6 frilled lizards
  10 kobolds
  10 rats
121 creatures vanquished.

Notes
Turn   | Place    | Note
-------+----------+-------------------------------------------
     0 | D:1      | royokou the Gargoyle Fire Elementalist began the quest for the Orb.
     0 | D:1      | Reached XP level 1. HP: 10/10 MP: 3/3
   287 | D:1      | Reached XP level 2. HP: 15/15 MP: 0/5
  1238 | D:2      | Reached XP level 3. HP: 19/19 MP: 4/6
  1364 | D:2      | Learned a level 3 spell: Conjure Flame
  1388 | D:2      | Noticed Terence
  1441 | D:1      | Reached XP level 4. HP: 11/24 MP: 2/8
  1691 | D:2      | Learned a level 4 spell: Sticky Flame
  1963 | D:2      | Killed Terence
  1963 | D:2      | Reached XP level 5. HP: 23/28 MP: 1/9
  2084 | D:2      | Found a runed door.
  2682 | D:2      | Noticed Crazy Yiuf
  3122 | D:1      | HP: 1/28 [Crazy Yiuf/quarterstaff of chaos (11)]
  3544 | D:3      | Noticed Grinder
  3605 | D:3      | Reached XP level 6. HP: 24/32 MP: 1/11
  3857 | D:3      | Noticed Ijyb
  4007 | D:3      | Killed Ijyb
  4911 | D:3      | Learned a level 5 spell: Fireball
  5108 | D:3      | Paralysed by Grinder for 3 turns
  5121 | D:3      | Killed Grinder
  5121 | D:3      | Reached skill level 5 in Fire Magic
  5121 | D:3      | Reached XP level 7. HP: 20/36 MP: 0/13
  5322 | D:4      | Found a runed gate.
  5322 | D:4      | Found a runed gate.
  5322 | D:4      | Found a runed gate.
  5523 | D:4      | Reached skill level 5 in Conjurations
  5671 | D:4      | Found a staircase to the Ecumenical Temple.
  5703 | Temple   | Entered the Ecumenical Temple
  5977 | D:4      | Found a radiant altar of Vehumet.
  5984 | D:4      | Became a worshipper of Vehumet
  6134 | D:4      | Noticed Edmund
  6412 | D:4      | Killed Edmund
  6412 | D:4      | Reached skill level 5 in Spellcasting
  6412 | D:4      | Reached XP level 8. HP: 35/41 MP: 1/15
  6523 | D:4      | Found a shimmering altar of Xom.
  6566 | D:4      | Found a sacrificial altar of Ru.
  6612 | D:4      | Noticed demenzo's ghost (amateur OpTm)
  6736 | D:5      | Entered Level 5 of the Dungeon
  6886 | D:5      | Got a sparkling iron ring
  6887 | D:5      | Identified the ring of the Median {Fire MP+9 Int+4 Slay+2} (You found it on level 5 of the Dungeon)
  7481 | D:6      | Learned a level 3 spell: Inner Flame
  7691 | D:6      | Shot with an arrow by a centaur

Vault maps used:
D:1:      scummos_arrival_hexagon
D:2:      item_on_display_a, uniq_crazy_yiuf_cottage, uniq_terence
D:3:      portal_sewer_entry_c, kennysheep_cluttered_room, uniq_grinder,
          uniq_ijyb
D:4:      vehumet_statue, xom_teletrap_fun, kennysheep_mini_moat,
          minmay_temple_entry_crystal_x, first_ration,
          ebering_ghost_rock_garden, uniq_edmund
D:5:      nrook_loot_triangle, hex_large, kennysheep_small_circle
D:6:      grunt_temple_overflow_order_and_chaos_2,
          grunt_temple_overflow_opulence,
          grunt_temple_overflow_growth_and_decay,
          gammafunk_temple_overflow_claw, uniq_sigmund
Temple:   chequers_temple_sunken

Skill      XL: |  1  2  3  4  5  6  7  8 |
---------------+-------------------------+-----
Conjurations   | 2 3 4 5 6 |  6.6
Spellcasting   | 3 4 5 |  5.2
Fire Magic     | 4 5 6 |  6.8
Dodging        | |  1.5
Stealth        | |  2.1

Action                   |  1- 3 |  4- 6 |  7- 9 || total
-------------------------+-------+-------+-------++-------
Melee: Unarmed           |     8 |       |       ||     8
       Mace              |       |    25 |     6 ||    31
       Short sword       |       |    12 |       ||    12
 Cast: Flame Tongue      |    59 |   153 |   119 ||   331
       Conjure Flame     |       |     1 |     1 ||     2
       Sticky Flame      |       |       |     4 ||     4
  Use: Scroll            |     2 |     3 |     6 ||    11
  Eat: Chunk             |     2 |     9 |     5 ||    16
       Ration            |       |     1 |     1 ||     2
Armor: Robe              |    27 |    28 |       ||    55
       Leather armour    |       |    11 |    19 ||    30
Dodge: Dodged            |    29 |    55 |    24 ||   108
Block: Other             |     3 |    17 |    11 ||    31
       Reflection        |       |       |     2 ||     2

Table legend:
 A = Spawn XP
 B = Non-spawn XP
 C = Spawn XP percentage of total XP
 D = Spawn monster count
 E = Non-spawn monster count
 F = Spawn count percentage of total count
 G = Total turns spent on level
                    A         B        C        D         E        F      G
               +---------+---------+-------+---------+---------+-------+---------
         Total |       0 |    1884 |   0.0 |       0 |     121 |   0.0 |  7691
               +---------+---------+-------+---------+---------+-------+---------
           D:1 |       0 |      76 |   0.0 |       0 |      20 |   0.0 |  1968
           D:2 |       0 |     146 |   0.0 |       0 |      24 |   0.0 |  1663
           D:3 |       0 |     589 |   0.0 |       0 |      42 |   0.0 |  1989
           D:4 |       0 |     495 |   0.0 |       0 |      14 |   0.0 |   949
           D:5 |       0 |     183 |   0.0 |       0 |      12 |   0.0 |   740
           D:6 |       0 |     395 |   0.0 |       0 |       9 |   0.0 |   215
               +---------+---------+-------+---------+---------+-------+---------
